 Dungeon Crawl Stone Soup version 0.17-a0-1435-geafbe2f (webtiles) character file.

683 Geeful the Twirler (level 7, -2/61 HPs)
             Began as a Minotaur Gladiator on June 26, 2015.
             Slain by Gorice's ghost (4 damage)
             ... on level 5 of the Dungeon.
             The game lasted 00:16:51 (5013 turns).

Geeful the Twirler (Minotaur Gladiator)             Turns: 5013, Time: 00:16:51

Health: -2/61      AC:  7    Str: 19    XL:     7   Next: 35%
Magic:  6/6        EV: 13    Int:  5    God:
Gold:   178        SH:  0    Dex: 13    Spells: 0 memorised, 6 levels left

rFire  . . .     SeeInvis .     a - +0 quarterstaff
rCold  . . .     Clarity  .     m - +0 ring mail
rNeg   + . .     SustAt   .     (no shield)
rPois  .         Gourm    .     c - +1 hat
rElec  .         Spirit   .     (no cloak)
rCorr  .         Warding  +     (no gloves)
rMut   .         Stasis   .     (no boots)
MR     .....                    t - amulet of warding
Stlth  ++........               (no ring)
                                l - ring of stealth

@: not resistant to hostile enchantments, unstealthy
A: retaliatory headbutt, horns 2
a: no special abilities


You were on level 5 of the Dungeon.
You were very hungry.

You visited 1 branch of the dungeon, and saw 5 of its levels.
You also visited: Sewer.

You collected 178 gold pieces.

Inventory:

Hand weapons
 a - a +0 quarterstaff (weapon)
Missiles
 d - 3 throwing nets (quivered)
 g - 6 curare-tipped needles
Armour
 c - a +1 hat (worn)
 m - a +0 ring mail (worn)
Jewellery
 l - a ring of stealth (left hand)
 t - an amulet of warding (around neck)
 w - an uncursed ring of ice
 y - an uncursed amulet of stasis
Magical devices
 A - a wand of lightning (10)
Scrolls
 h - 4 scrolls of fog
 k - a scroll of remove curse {unknown}
 n - a scroll of enchant armour
 o - a scroll of enchant weapon {unknown}
 p - a scroll of amnesia {unknown}
 r - 2 scrolls of fear {unknown}
 u - a scroll of immolation {unknown}
 v - a scroll of noise {unknown}
 B - 2 scrolls of magic mapping {unknown}
 C - 2 scrolls of teleportation
 D - a scroll of recharging
 E - a scroll of blinking {unknown}
Potions
 b - 8 potions of curing
 x - 2 potions of might {unknown}
 z - 2 potions of heal wounds {unknown}
Books
 q - a book of the Warp

   Spells                             Type                      Level
   a - Recall                         Summoning/Translocation      3
   b - Gell's Gravitas                Hexes/Translocation          3
   c - Force Lance                    Conjuration/Translocation    4
   d - Phase Shift                    Translocation                5
   e - Warp Weapon                    Charms/Translocation         5
   f - Summon Forest                  Summoning/Translocation      5
Comestibles
 e - 4 bread rations
 i - a meat ration
 j - a royal jelly
 s - 4 fruits


   Skills:
 + Level 5.1 Fighting
 + Level 6.0 Staves
 - Level 2.0 Throwing
 + Level 4.9 Armour
 + Level 5.4 Dodging


You had 6 spell levels left.
You didn't know any spells.

Dungeon Overview and Level Annotations

Branches:
Dungeon (5/15)
 Temple: D:4-7

Altars:
Cheibriados
Yredelemnul

Annotations:
D:5 Gorice's ghost, experienced TeWn


Innate Abilities, Weirdness & Mutations

You reflexively headbutt those who attack you in melee.
You have a pair of horns on your head.


Message History

Gorice's ghost hits you.
Your ring mail prevents you from hitting Gorice's ghost.
You headbutt Gorice's ghost, but do no damage.
Gorice's ghost is moderately damaged.
Gorice's ghost closely misses you.
You hit Gorice's ghost.
Gorice's ghost is heavily damaged.
Gorice's ghost hits you!!
You are too injured to fight recklessly!
You are too injured to fight recklessly!
You hit Gorice's ghost but do no damage.
Gorice's ghost is heavily damaged.
Gorice's ghost hits you but does no damage.
You hit Gorice's ghost but do no damage.
Your headbutt misses Gorice's ghost.
Gorice's ghost is heavily damaged.
Gorice's ghost hits you!!
* * * LOW HITPOINT WARNING * * *
Gorice's ghost hits you.
You die...

...........##.#(#
..######.#.# ##(# #.#
##...###)## #.#
#.......# #.# #######..#
#.# #.........
##.####.#######.#####..#
...........(....#.###..#
#####.@########....<..#
#.W# ##.###..#
#...........# #.# ##.#
#...#..####.# #.# #.#
#..!....# #.# #.#
...??...# #.# #.#
#......## #.# .# ##...#.
#.# ##.##. #.#


You could see Gorice's ghost.

Vanquished Creatures
  A centaur (D:5)
  2 giant frogs (Sewer)
  A scorpion (D:4)
  A worker ant (D:4)
  A centaur skeleton (D:4)
  Natasha (D:4)
  An iguana (D:4)
  A hound skeleton (D:2)
  4 gnolls (D:2)
  12 adders
  3 river rats (Sewer)
  3 oozes
  2 worms
  An adder skeleton (D:5)
  4 giant geckos
  An orc (D:4)
  14 ball pythons (Sewer)
  9 bats
  A bat zombie (D:2)
  3 giant cockroaches
  10 goblins
  12 hobgoblins
  7 jackals
  6 giant newts
  8 kobolds
  A quokka zombie (D:2)
  35 rats
  A spectral orc (D:3)
146 creatures vanquished.

Notes
Turn   | Place    | Note
--------------------------------------------------------------
     0 | D:1      | Geeful the Minotaur Gladiator began the quest for the Orb.
     0 | D:1      | Reached XP level 1. HP: 18/18 MP: 0/0
   226 | D:1      | Reached skill level 1 in Armour
   291 | D:1      | Reached XP level 2. HP: 15/25 MP: 1/1
   867 | D:2      | Reached skill level 4 in Staves
   867 | D:2      | Reached XP level 3. HP: 13/30 MP: 2/2
  1602 | D:2      | Reached XP level 4. HP: 14/38 MP: 3/3
  1608 | D:2      | HP: 1/38 [gnoll/stone (3)]
  2338 | D:3      | Reached XP level 5. HP: 45/45 MP: 4/4
  2443 | D:3      | Found a snail-covered altar of Cheibriados.
  2531 | D:3      | Found a basalt altar of Yredelemnul.
  2856 | D:4      | Reached skill level 5 in Staves
  3247 | D:4      | Found a glowing drain.
  3253 | Sewer    | Entered a sewer
  3378 | Sewer    | Reached XP level 6. HP: 52/52 MP: 5/5
  4011 | D:4      | Noticed an ogre
  4133 | D:4      | Noticed Natasha
  4138 | D:4      | Killed Natasha
  4138 | D:4      | Reached skill level 5 in Dodging
  4138 | D:4      | Reached XP level 7. HP: 54/60 MP: 6/6
  4362 | D:4      | Reached skill level 5 in Fighting
  4800 | D:5      | Entered Level 5 of the Dungeon
  4817 | D:5      | Reached skill level 6 in Staves
  5005 | D:5      | Noticed Gorice's ghost (experienced TeWn)
  5012 | D:5      | HP: 2/61 [Gorice's ghost (21)]
  5013 | D:5      | Slain by Gorice's ghost

Vault maps used:
D:1:      evilmike_arrival_plus
D:2:      first_bread, serial_undead, serial_undead_c, serial_undead_d,
          serial_undead_f, serial_undead_d, serial_undead_b,
          minmay_tree_intersection
D:3:      yredelemnul_forgotten_temple_becter, lemuel_coloured_pillars_altar
D:4:      lightli_sewer_entry_pipes, lightli_corner_chamber, uniq_natasha
D:5:      elyvilon_altar_5, basic_altar, uniq_grinder, uniq_eustachio
Sewer:    sewer_minmay_w

Action                   |  1- 3 |  4- 6 |  7- 9 || total
-------------------------+-------+-------+-------++-------
Melee: Quarterstaff      |    87 |   239 |    33 ||   359
Throw: Throwing net      |     1 |     2 |       ||     3
  Use: Potion            |     2 |     1 |       ||     3
       Scroll            |     1 |     7 |       ||     8
 Stab: Held in net/web   |     1 |       |       ||     1
       Sleeping          |       |     1 |       ||     1
  Eat: Chunk             |     2 |     9 |     1 ||    12
